 Dungeon Crawl Stone Soup version 0.29.1-2-gbd0b4ee654 (webtiles) character file.

Game seed: 16684415846996832493

11175 Mitcholas the Basher (level 11, -7/151 HPs)
             Began as a Minotaur Berserker on Nov 6, 2022.
             Was a High Priest of Trog.
             Mangled by an eight-headed hydra (10 damage)
             ... on level 1 of the Lair of Beasts.
             The game lasted 01:13:33 (16162 turns).

Mitcholas the Basher (Minotaur Berserker)          Turns: 16162, Time: 01:13:33

Health: -7/151     AC: 25    Str: 32    XL:     11   Next: 45%
Magic:  10/10      EV:  2    Int:  4    God:    Trog [*****.]
Gold:   669        SH:  0    Dex: 10    Spells: 10/10 levels left

rFire   . . .      SeeInvis .   n - +0 demon whip (venom)
rCold   . . .      Faith    +   (no shield)
rNeg    . . .      Spirit   .   (body armour currently unavailable)
rPois   +          Reflect  .   (helmet currently unavailable)
rElec   .          Harm     .   (cloak currently unavailable)
rCorr   .          Rampage  .   (gloves currently unavailable)
Will    ++...      NoTele   +   (boots currently unavailable)
Stlth   +.........              u - amulet of faith
HPRegen 1.35/turn               D - ring of poison resistance
MPRegen 0.12/turn               r - +6 ring of strength

@: tree-form, strong-willed, on berserk cooldown, regenerating, slowed,
invisible, very slow
A: stationary, stasis, torment immunity, boosted hp, (horns 2), (retaliatory
headbutt)
a: Renounce Religion, Berserk, Trog's Hand, Brothers in Arms


You were on level 1 of the Lair of Beasts.
You worshipped Trog.
Trog was extremely pleased with you.
You were a tree.
You visited 3 branches of the dungeon, and saw 13 of its levels.

You collected 669 gold pieces.

Inventory:

Hand Weapons
 n - a +0 demon whip of venom (weapon)
Missiles
 g - a throwing net
 o - 20 poisoned darts (quivered)
 q - 2 boomerangs
 t - 4 curare-tipped darts
Armour
 s - a scarf of resistance (melded)
 z - a +1 chain mail of fire resistance (melded)
 C - the +2 pair of gloves "Vicub" (melded) {-Tele rN++ Dex+7}
   (You acquired it on level 10 of the Dungeon)

   Dex:       It affects your dexterity (+7).
   rN:        It greatly protects you from negative energy.
   -Tele:     It prevents most forms of teleportation.
Jewellery
 a - a ring of see invisible
 k - a ring of resist corrosion
 m - a ring of fire
 r - a +6 ring of strength (right branch)
 u - an amulet of faith (around neck)
 D - a ring of poison resistance (left branch)
 F - a +4 ring of protection
 H - an amulet of the acrobat
Wands
 f - a wand of digging (4)
 y - a wand of charming (21)
 B - a wand of acid (5)
Scrolls
 h - 3 scrolls of teleportation
 l - 2 scrolls of identify
 x - 2 scrolls of butterflies
 A - a scroll of blinking
Potions
 b - 2 potions of resistance
 c - 2 potions of lignification
 d - 6 potions of curing
 e - a potion of flight
 j - a potion of attraction
 p - a potion of experience
 E - a potion of might
 G - a potion of degeneration {unknown}


   Skills:
 * Level 10.6 Fighting
 - Level 14.0 Maces & Flails
 * Level 12.9 Armour
 - Level 2.1 Dodging
 - Level 4.0 Evocations


You had 10 spell levels left.
You didn't know any spells.
Your spell library was empty.

Dungeon Overview and Level Annotations

Branches:
Dungeon (11/15)            Temple (1/1) D:6            Lair (1/5) D:9
    Orc: D:9-12

Altars:
Ashenzari
Cheibriados
Dithmenos
Elyvilon
Fedhas
Gozag
Hepliaklqana
Kikubaaqudgha
Makhleb
Nemelex Xobeh
Okawaru
Qazlal
Ru
Sif Muna
Trog
Uskayaw
Vehumet
Wu Jian
Xom
Yredelemnul
Zin
The Shining One

Annotations:
D:11 Lodul


Innate Abilities, Weirdness & Mutations

You are a tree.
Your roots penetrate the ground, keeping you stationary.
You cannot be teleported.
You are immune to unholy pain and torment.
Your maximum health is greatly increased.
Your equipment is partially melded.
((You have a pair of horns on your head.))
((You reflexively headbutt those who attack you in melee.))


Message History

* * * LOW HITPOINT WARNING * * *
The wolf bites you but does no damage. The wolf barely misses you.
The wolf bites you but does no damage. x2
The eight-headed hydra bites you but does no damage.
The eight-headed hydra barely misses you.
The eight-headed hydra bites you but does no damage.
The eight-headed hydra bites you.
* * * LOW HITPOINT WARNING * * *
The eight-headed hydra bites you but does no damage. x2
The eight-headed hydra completely misses you.
The eight-headed hydra bites you but does no damage.
The wolf pauses to sniff the ground.
The wolf bites you but does no damage. x4
You hit the eight-headed hydra.
The eight-headed hydra is poisoned.
The eight-headed hydra is lightly wounded.
The wolf barely misses you.
The eight-headed hydra barely misses you.
The eight-headed hydra bites you but does no damage. x6
The eight-headed hydra bites you.
* * * LOW HITPOINT WARNING * * *
The wolf bites you but does no damage. x2; The wolf bites you!
* * * LOW HITPOINT WARNING * * *
You thrash the eight-headed hydra!!
The eight-headed hydra looks as sick as possible!
The eight-headed hydra is moderately wounded.
You hear a howl!
The wolf stops to sniff the ground.
The wolf bites you but does no damage. The wolf barely misses you.
The wolf bites you.
* * * LOW HITPOINT WARNING * * *
The wolf bites you but does no damage.
The eight-headed hydra bites you but does no damage.
The eight-headed hydra bites you.
* * * LOW HITPOINT WARNING * * *
The eight-headed hydra bites you but does no damage. x2
The eight-headed hydra bites you.
* * * LOW HITPOINT WARNING * * *
The eight-headed hydra bites you but does no damage. x2
The eight-headed hydra bites you!
You die...

#..............P#
#..............##
#....#.........## ##
....##P.........###.##.
...# ######............
.# ##...........
#...h.......
#.hhhh......
#.hh♣#####P#
###.hD####.###
..#...Yh.......##
#................#
##...Y...........## .
#................# ...
##...............#....
#....................#
##..................#


You could see an eight-headed hydra (unable to see you, extremely poisoned), 2
yaks and 9 wolves.

Vanquished Creatures
  A hydra (Lair:1)
  Amaemon (D:9)
  The ghost of lotum the Frost Mage, a novice DsIE (D:6)
  An orange demon (D:9)
  An unseen horror (D:9)
  An unseen horror zombie (D:6)
  An unseen horror skeleton (D:6)
  2 hornets
  3 slime creatures (D:5)
  A shadow (D:10)
  6 yaks
  2 wyverns (D:9)
  An acid dragon (D:10)
  6 water moccasins
  An orc warrior (D:6)
  An ice beast (D:7)
  17 wolves (Lair:1)
  The ghost of silentkaos13 the Trooper, an amateur DsFi (D:3)
  An ogre (D:4)
  5 centaurs
  7 bullfrogs
  7 kobold brigands
  2 scorpions (D:5)
  8 wights
  7 killer bees
  3 howler monkeys
  5 electric eels (D:8)
  3 jellies
  A hound (D:6)
  A centaur skeleton (D:6)
  11 orc priests
  3 gnoll boudas
  4 iguanas
  10 orc wizards
  2 scorpion zombies (D:3)
  A spectral howler monkey (D:6)
  20 gnolls
  3 adders
  A shadow imp (D:5)
  3 white imps
  A worm (D:2)
  2 dart slugs
  36 orcs
  8 ball pythons
  14 endoplasms
  A giant cockroach (D:3)
  10 goblins
  10 hobgoblins
  10 kobolds
  5 quokkas
  7 bats
  3 frilled lizards (D:2)
  4 rats
267 creatures vanquished.

Vanquished Creatures (others)
  A butterfly (D:10)
  4 fungi (D:5)
  36 plants
  7 toadstools (D:5)
48 creatures vanquished.

Grand Total: 315 creatures vanquished

Notes
Turn   | Place    | Note
-------+----------+-------------------------------------------
     0 | D:1      | Mitcholas the Minotaur Berserker began the quest for the
                  | Orb.
     0 | D:1      | Reached XP level 1. HP: 19/19 MP: 0/0
   138 | D:1      | Reached skill level 4 in Maces & Flails
   307 | D:1      | Reached XP level 2. HP: 18/26 MP: 1/1
   625 | D:1      | Found a faded altar of an unknown god.
   985 | D:1      | Reached skill level 5 in Maces & Flails
  1258 | D:1      | Reached XP level 3. HP: 31/31 MP: 2/2
  1751 | D:2      | Reached ** piety under Trog
  2852 | D:3      | Found a glowing silver altar of Zin.
  3055 | D:3      | Found a runed translucent gate.
  3055 | D:3      | Found a runed translucent gate.
  3055 | D:3      | Found a runed translucent gate.
  3055 | D:3      | Noticed silentkaos13's ghost (amateur DsFi)
  3057 | D:3      | Found a basalt altar of Yredelemnul.
  3078 | D:3      | Reached skill level 6 in Maces & Flails
  3078 | D:3      | Reached XP level 4. HP: 39/39 MP: 3/3
  3278 | D:3      | Reached XP level 5. HP: 44/45 MP: 4/4
  3283 | D:3      | Reached skill level 7 in Maces & Flails
  3467 | D:3      | Found an iron altar of Okawaru.
  3736 | D:3      | Found an iron altar of Okawaru.
  3862 | D:3      | Found a glowing silver altar of Zin.
  4175 | D:3      | Found a runed translucent gate.
  4175 | D:3      | Found a runed translucent gate.
  4175 | D:3      | Found a runed translucent gate.
  4177 | D:3      | Found a basalt altar of Yredelemnul.
  4662 | D:4      | Noticed an ogre
  4678 | D:4      | Killed an ogre
  4679 | D:4      | Reached skill level 8 in Maces & Flails
  4679 | D:4      | Reached XP level 6. HP: 51/51 MP: 5/5
  5396 | D:5      | Entered Level 5 of the Dungeon
  5526 | D:5      | Reached skill level 9 in Maces & Flails
  5594 | D:5      | Found a radiant altar of Vehumet.
  5797 | D:5      | Reached XP level 7. HP: 53/57 MP: 6/6
  6545 | D:5      | Reached skill level 10 in Maces & Flails
  6774 | D:5      | Noticed a slime creature
  6774 | D:5      | Noticed a slime creature
  6774 | D:5      | Noticed a slime creature
  6794 | D:5      | Killed a slime creature
  6795 | D:5      | Reached skill level 5 in Armour
  6795 | D:5      | Reached XP level 8. HP: 56/64 MP: 7/7
  6819 | D:5      | Killed a slime creature
  6820 | D:5      | Reached skill level 11 in Maces & Flails
  7044 | D:5      | Killed a slime creature
  7243 | D:5      | Reached skill level 12 in Maces & Flails
  7936 | D:6      | Found a staircase to the Ecumenical Temple.
  7943 | Temple   | Entered the Ecumenical Temple
  8638 | D:6      | Found a runed translucent gate.
  8639 | D:6      | Found a runed translucent gate.
  8639 | D:6      | Found a runed translucent gate.
  8649 | D:6      | Reached *** piety under Trog
  8658 | D:6      | Reached XP level 9. HP: 60/70 MP: 8/8
  8688 | D:6      | Noticed lotum's ghost (novice DsIE)
  8750 | D:6      | Reached skill level 13 in Maces & Flails
  8788 | D:6      | Killed lotum's ghost
  9221 | D:3      | Killed silentkaos13's ghost
  9222 | D:3      | Reached skill level 14 in Maces & Flails
  9601 | D:7      | Found an ancient bone altar of Kikubaaqudgha.
  9678 | D:7      | Reached skill level 1 in Evocations
  9929 | D:6      | Reached skill level 5 in Fighting
 10568 | D:7      | Found a sparkling altar of Nemelex Xobeh.
 10718 | D:7      | Found a stormy altar of Qazlal.
 10997 | D:7      | Reached XP level 10. HP: 64/79 MP: 9/9
 11322 | D:8      | Found a hazy altar of Hepliaklqana.
 11327 | D:8      | Found a shimmering blue altar of Sif Muna.
 11328 | D:8      | Found a bloodstained altar of Trog.
 11328 | D:8      | Found a burning altar of Makhleb.
 12285 | D:8      | Reached skill level 10 in Armour
 12987 | D:8      | Reached **** piety under Trog
 13355 | D:9      | Noticed Amaemon
 13359 | D:9      | Noticed an orange demon
 13367 | D:9      | Killed Amaemon
 13372 | D:9      | Killed an orange demon
 14387 | D:9      | Found a staircase to the Lair.
 14437 | D:10     | Entered Level 10 of the Dungeon
 14721 | D:10     | Reached XP level 11. HP: 92/95 MP: 10/10
 14889 | D:10     | Identified a scroll of acquirement
 14889 | D:10     | Acquired the +2 pair of gloves "Vicub" {-Tele rN++ Dex+7}
 15103 | D:10     | Found a white marble altar of Elyvilon.
 15214 | D:10     | Reached ***** piety under Trog
 15788 | D:11     | Noticed Lodul
 16011 | Lair:1   | Entered Level 1 of the Lair of Beasts
 16011 | Lair:1   | Noticed an eight-headed hydra
 16018 | Lair:1   | Killed an eight-headed hydra
 16089 | Lair:1   | Reached skill level 10 in Fighting
 16122 | Lair:1   | Noticed an eight-headed hydra
 16157 | Lair:1   | HP: 7/151 [eight-headed hydra (1)]
 16162 | Lair:1   | HP: 6/151 [eight-headed hydra (4)]
 16162 | Lair:1   | Mangled by an eight-headed hydra

Illustrated notes

Levels and vault maps discovered:
D:1:      saegor_arrival_miasma, layout_loops_ring,
          hellmonk_ecumenical_altar_arch_garden, nicolae_titane
D:2:      kennysheep_big_flooded_room, layout_basic, minmay_tetromino_t4
D:3:      layout_basic, zin_academy, okawaru_gym_becter,
          nicolae_yredelemnul_ghost_church
D:4:      layout_loops_ring
D:5:      cheibrodos_fertilizer, layout_basic, vehumet_crystals
D:6:      layout_loops_ring, minmay_temple_entry_butterflies,
          gammafunk_ghost_necromancy
D:7:      layout_rooms, mainiacjoe_overflow_cross_hatched,
          nicolae_qazlal_scattered_showers, nemelex_spade_bored_becter,
          dreamdust_princess_bridge, nrook_mini_vaults
D:8:      layout_rooms, grunt_temple_overflow_open, serial_bayou,
          serial_bayou_pond_e, serial_bayou_shore_a, serial_bayou_pond_e,
          serial_bayou_pond_a, serial_bayou_lagoon_b
D:9:      minmay_recursive_quarters, layout_loops_ring,
          minmay_fractal_squares_gapless_5, uniq_amaemon
D:10:     layout_roguey, nicolae_elyvilon_peaceful_grove, corexii_checkpoint_b,
          minmay_chambers_of_fives
D:11:     layout_cave_pools, nicolae_uskayaw_en_pointe, uniq_lodul
Temple:   hellmonk_temple_flake
Lair:1:   layout_layer_cave, gauntlet_entry_generic,
          grunt_forest_large_clearings

Skill      XL: |  1  2  3  4  5  6  7  8  9 10 11 |
---------------+----------------------------------+-----
Maces & Flails | 4 5 6 8 9 10 12 14 | 14.0
Armour         | 3 5 7 9 11 12 | 12.9
Fighting       | 5 8 10 | 10.6
Evocations     | 1 4 |  4.0
Dodging        | |  2.1

Action                   |  1- 3 |  4- 6 |  7- 9 | 10-12 || total
-------------------------+-------+-------+-------+-------++-------
Melee: Mace              |   123 |    27 |       |       ||   150
       Headbutt          |    17 |    18 |    62 |    63 ||   160
       Punch             |     2 |     1 |     3 |     8 ||    14
       Flail             |       |    80 |   302 |   158 ||   540
       Demon whip        |       |       |       |   187 ||   187
Throw: Stone             |     8 |       |       |       ||     8
       Dart              |       |     2 |     2 |     5 ||     9
       Boomerang         |       |       |     2 |     2 ||     4
       Throwing net      |       |       |       |     1 ||     1
Invok: Berserk           |     1 |     2 |     2 |     4 ||     9
       Trog's Hand       |       |     1 |     3 |     2 ||     6
  Use: Scroll            |    10 |     3 |     6 |     6 ||    25
       Potion            |       |       |       |     6 ||     6
Armor: Animal skin       |    16 |       |       |       ||    16
       Ring mail         |    14 |    30 |       |       ||    44
       Leather armour    |     2 |       |       |       ||     2
       Plate armour      |       |     8 |   186 |       ||   194
       Chain mail        |       |       |     4 |   211 ||   215
       Skin              |       |       |       |    75 ||    75
Dodge: Dodged            |    78 |    41 |    99 |   191 ||   409
